 Dungeon Crawl Stone Soup version 0.25-a0-565-g8875c97ebb (webtiles) character file.

Game seed: 4507084719102194957, levelgen mode: deterministic

81 Eurus the Conjurer (level 4, -6/33 HPs)
             Began as a Mummy Conjurer on Feb 26, 2020.
             Mangled by a gnoll
             ... wielding a +3 spear of chaos
              (7 damage)
             ... on level 2 of the Dungeon.
             The game lasted 00:04:25 (2350 turns).

Eurus the Conjurer (Mummy Conjurer)                 Turns: 2350, Time: 00:04:26

Health: -6/33      AC:  3    Str: 11    XL:     4   Next: 19%
Magic:  5/9        EV: 12    Int: 15    God:
Gold:   74         SH:  0    Dex: 12    Spells: 7/10 levels left

rFire    x . .     SeeInvis .   g - +4 dagger
rCold    + . .     Gourm    .   (no shield)
rNeg     + + +     Faith    .   a - +0 robe
rPois    ∞         Spirit   .   (no helmet)
rElec    .         Reflect  .   b - +0 cloak
rCorr    .         Harm     .   (no gloves)
MR       .....                  (no boots)
Stlth    ++........             (no amulet)
HPRegen  0.11/turn              (no ring)
MPRegen  0.11/turn              (no ring)

@: no status effects
A: no food or potions, fire vulnerability, cold resistance 1, negative energy
resistance 3, torment resistance, unbreathing
a: no special abilities


You were on level 2 of the Dungeon.
You were not hungry.

You visited 1 branch of the dungeon, and saw 2 of its levels.

You collected 74 gold pieces.

Inventory:

Hand Weapons
 e - a +0 mace of protection
 g - a +4 dagger (weapon)
Armour
 a - a +0 robe (worn)
 b - a +0 cloak (worn)
Jewellery
 c - an uncursed amulet of the acrobat {unknown}
 l - an uncursed ring of protection from cold {unknown}
 m - an uncursed ring of stealth {unknown}
Scrolls
 d - a scroll of enchant armour {unknown}
 f - 3 scrolls of identify {unknown}
 h - a scroll of blinking {unknown}
 i - a scroll of remove curse {unknown}
 j - a scroll of noise {unknown}
 k - a scroll of magic mapping {unknown}
 n - a scroll of teleportation {unknown}


   Skills:
 + Level 1.6 Fighting
 - Level 1.5 Dodging
 - Level 1.5 Stealth
 + Level 3.6 Spellcasting
 * Level 4.1 Conjurations


You had 7 spell levels left.
You knew the following spells:

 Your Spells              Type           Power        Failure   Level  Hunger
a - Magic Dart            Conj           ###.         3%          1    N/A
b - Searing Ray           Conj           ###...       5%          2    N/A

Your spell library contained the following spells:

 Spells                   Type           Power        Failure   Level  Hunger
 Dazzling Flash           Conj/Hex       #.....       24%         3    N/A
 Fulminant Prism          Conj/Hex       #.........   63%         4    N/A
 Iskenderun's Mystic Bla  Conj/Tloc      #.......     63%         4    N/A

Dungeon Overview and Level Annotations

Branches:
Dungeon (2/15)

Altars:

Annotations:
D:2 exclusion: scorpion


Innate Abilities, Weirdness & Mutations

You do not eat or drink.
Your flesh is vulnerable to fire.
You are immune to poison.
Your flesh is cold resistant. (rC+)
You are immune to negative energy. (rN+++)
You are immune to unholy pain and torment.
You can survive without breathing.


Message History

Things that are here:
a +0 club of chaos; a +1 ring mail of poison resistance You see here a +1 spear of chaos.
Casting: Magic Dart (safe; 3% risk of failure)
Confirm with . or Enter, or press ? or * to list all spells.
Aiming: Searing Ray (safe; 5% risk of failure)
Press: ? - help, Shift-Dir - straight line, f - gnoll
Aim: a gnoll, wielding a +3 spear of chaos The searing ray hits the gnoll.
The gnoll is heavily wounded. (Press . to maintain the ray.)
The searing ray hits the gnoll.
The gnoll is almost dead.
The gnoll hits you from afar with a +3 spear of chaos.
You convulse.
The searing ray misses the gnoll.
The gnoll hits you from afar with a +3 spear of chaos!
* * * LOW HITPOINT WARNING * * *
The gnoll burns you!
You die...

#.# #.##.#
#..#####.
#.# #.##.#
#..# #.#
#.##.#
####..#####
#.## #.##.#
#.).......#
...###.##.##
#.###.###.#
....##.##..#
#.# .#
....##.###.#
#g# .#
...........#
#)# .# #
...###.##..#
#@# ...$
.#####.##..#
##.##..# .#
##...#..#
#.=...# .#
#.....###
#)##### .#
#....## #..
.###.#.##
.≈..
.....###
.##..
÷###.## ≈.
#.≈≈ ......#
# ≈#†≈


You could see a gnoll.

Vanquished Creatures
  2 gnolls
  An ooze (D:1)
  3 worms (D:2)
  2 leopard geckos
  An orc (D:2)
  2 giant cockroaches
  3 goblins (D:1)
  6 hobgoblins
  3 jackals (D:1)
  3 kobolds
  A quokka (D:2)
  A ball python (D:2)
  9 bats
  3 frilled lizards (D:2)
  5 rats (D:2)
45 creatures vanquished.

Notes
Turn   | Place    | Note
-------+----------+-------------------------------------------
     0 | D:1      | Eurus the Mummy Conjurer began the quest for the Orb.
     0 | D:1      | Reached XP level 1. HP: 13/13 MP: 4/4
   361 | D:1      | Reached XP level 2. HP: 20/20 MP: 0/5
   845 | D:1      | Reached skill level 1 in Fighting
   850 | D:1      | Learned a level 2 spell: Searing Ray
   899 | D:1      | Reached XP level 3. HP: 15/26 MP: 7/7
  1466 | D:2      | Noticed a scorpion
  1879 | D:2      | Reached skill level 4 in Conjurations
  2200 | D:2      | Reached XP level 4. HP: 32/32 MP: 5/9
  2350 | D:2      | HP: 1/33 [gnoll/+3 spear of chaos (11)]
  2350 | D:2      | Mangled by a gnoll

Levels and vault maps discovered:
D:1:      dpeg_arrival_oval, layout_basic, chequers_garden
D:2:      layout_loops_ring, tgw_xom

Skill      XL: |  1  2  3 |
---------------+----------+-----
Spellcasting   | 3 |  3.6
Fighting       | 1 |  1.6
Conjurations   | 4 |  4.1
Dodging        | |  1.5
Stealth        | |  1.5

Action                   |  1- 3 |  4- 6 || total
-------------------------+-------+-------++-------
Melee: Unarmed           |     1 |       ||     1
       Dagger            |    57 |     9 ||    66
 Cast: Magic Dart        |    45 |     5 ||    50
       Searing Ray       |     3 |     2 ||     5
 Stab: Sleeping          |     1 |       ||     1
Armor: Robe              |    17 |     2 ||    19
Dodge: Dodged            |    40 |     5 ||    45

Table legend:
 A = Non-vault XP
 B = Vault XP
 C = Vault XP percentage of total XP
 D = Non-vault monster count
 E = Vault monster count
 F = Vault count percentage of total count
                 A         B        C        D         E       F
            +---------+---------+-------+---------+---------+-------
      Total |      95 |      21 |  18.1 |      41 |       4 |   8.9
            +---------+---------+-------+---------+---------+-------
        D:1 |      52 |       0 |   0.0 |      18 |       0 |   0.0
        D:2 |      43 |      21 |  32.8 |      23 |       4 |  14.8
            +---------+---------+-------+---------+---------+-------
